 Dungeon Crawl Stone Soup version 0.18-a0-5-gf1fb587 (webtiles) character file.

113 mrath the Digger (level 4, 0/24 HPs)
             Began as a Gargoyle Earth Elementalist on Oct 31, 2015.
             Killed from afar by radek's ghost (5 damage)
             ... with a magic dart
             ... on level 3 of the Dungeon.
             The game lasted 00:15:53 (2399 turns).

mrath the Digger (Gargoyle Earth Elementalist)      Turns: 2399, Time: 00:15:53

Health: 0/24       AC:  6    Str: 11    XL:     4   Next: 96%
Magic:  8/9        EV: 12    Int: 17    God:
Gold:   93         SH:  0    Dex: 10    Spells: 3 memorised, 4 levels left

rFire  . . .     SeeInvis .     i - +0 mace
rCold  . . .     Clarity  .     b - +0 robe
rNeg   + . .     SustAt   .     (no shield)
rPois  ∞         Gourm    .     e - +0 helmet
rElec  +         Spirit   .     (no cloak)
rCorr  .         Warding  .     (no gloves)
rMut   .         Stasis   .     (no boots)
MR     .....                    (no amulet)
Stlth  ++........               (no ring)
                                (no ring)

@: not resistant to hostile enchantments, unstealthy
A: negative energy resistance 1, electricity resistance, unbreathing,
petrification resistance, rot immunity, AC +3
a: no special abilities


You were on level 3 of the Dungeon.
You were not hungry.

You visited 1 branch of the dungeon, and saw 3 of its levels.

You collected 93 gold pieces.

Inventory:

Hand Weapons
 i - a +0 mace (weapon)
Missiles
 a - 80 stones (quivered)
 o - 15 sling bullets
 A - 9 poisoned sling bullets
Armour
 b - a +0 robe (worn)
 e - a +0 helmet (worn)
Magical Staves
 s - an uncursed staff of summoning
Jewellery
 y - an uncursed ring of stealth {unknown}
 z - an uncursed ring of see invisible {unknown}
Scrolls
 h - 3 scrolls of magic mapping {unknown}
 j - 4 scrolls of identify {unknown}
 k - 2 scrolls of enchant weapon {unknown}
 m - 2 scrolls of remove curse {unknown}
 p - a scroll of recharging {unknown}
 u - a scroll of fog {unknown}
 v - 2 scrolls of teleportation {unknown}
 w - a scroll of immolation {unknown}
Potions
 f - a potion of brilliance {unknown}
 l - a potion of cure mutation {unknown}
 n - a potion of curing {unknown}
 r - a potion of cancellation {unknown}
 x - a potion of beneficial mutation {unknown}
 B - a potion of poison {unknown}
Books
 c - a book of Geomancy

   Spells                             Type                      Level
   a - Sandblast                      Earth                        1
   b - Stoneskin                      Transmutation/Earth          2
   c - Passwall                       Transmutation/Earth          3
   d - Stone Arrow                    Conjuration/Earth            3
   e - Petrify                        Transmutation/Earth          4
   f - Lee's Rapid Deconstruction     Earth                        5
Comestibles
 d - 2 bread rations
 g - a meat ration
 q - 2 beef jerkies
 t - 4 chunks of flesh


   Skills:
 - Level 1.5 Dodging
 - Level 2.1 Stealth
 * Level 3.5 Spellcasting
 + Level 1.2 Conjurations
 - Level 0.7 Transmutations
 + Level 4.9 Earth Magic


You had 4 spell levels left.
You knew the following spells:

 Your Spells              Type           Power        Failure   Level  Hunger
a - Sandblast             Erth           ###...       2%          1    None
b - Stoneskin             Trmt/Erth      ##......     10%         2    ##.....
c - Stone Arrow           Conj/Erth      ##....       17%         3    ###....


Dungeon Overview and Level Annotations

Branches:
Dungeon (3/15)

Altars:
Cheibriados
Makhleb
Zin

Annotations:
D:3 radek's ghost, amateur DECj


Innate Abilities, Weirdness & Mutations

You are resistant to torment.
Your stone body is resilient (AC +3).
You are immune to poison.
You resist negative energy.
You are resistant to electric shocks.
You can survive without breathing.
You are immune to petrification.
You are immune to rotting.


Message History

You kill the bat!
Radek's ghost points at you and mumbles some strange words.
The magic dart hits you!
You see here a giant gecko corpse.
You butcher the giant gecko corpse.
t - 4 chunks of flesh (gained 1)
You see here a giant gecko skeleton.
You see here a giant newt corpse.
Radek's ghost gestures at you while chanting.
The magic dart hits you!
Radek's ghost gestures at you while chanting.
The magic dart hits you!
Found a scroll labeled HAPIEQ EMAE.
Found a stone staircase leading down.
Radek's ghost whispers, "The ORB doesn't exist."
Radek's ghost gestures at you while chanting.
The magic dart hits you!
* * * LOW HITPOINT WARNING * * *
Radek's ghost casts a spell at you. The magic dart hits you!
You die...

..........#.......####.#.. ....
##### #......#####.#.. #...
#.#####...##.#.#
#####...########.....+....#.#..
#.....##.......W.....#....#.###
#.....##.............'.........
#.....##.............####.#.###
#......##'###......### #.#...
####.......##.@....# #.#..#.
#.......##......# #.#...
#...............# #..)...
#####...............# #......
#...#...##.#...####.# #.....#
#...+......+........##
#...#...##.#.....#...#
#.......##.##)...#...#
#.......##.##....#...#


You could see radek's ghost.

Vanquished Creatures
  A hound (D:2)
  4 adders
  A worm (D:2)
  3 giant geckos
  8 goblins
  2 hobgoblins
  A quokka (D:2)
  4 bats
  2 giant cockroaches
  5 giant newts
  4 jackals (D:2)
  3 kobolds
  6 rats
44 creatures vanquished.

Notes
Turn   | Place    | Note
--------------------------------------------------------------
     0 | D:1      | mrath the Gargoyle Earth Elementalist began the quest for the Orb.
     0 | D:1      | Reached XP level 1. HP: 10/10 MP: 3/3
   583 | D:1      | Reached XP level 2. HP: 15/15 MP: 3/5
   977 | D:2      | Reached skill level 4 in Earth Magic
  1059 | D:2      | Reached XP level 3. HP: 8/19 MP: 1/7
  1428 | D:2      | Found a faded altar to an unknown god.
  1563 | D:2      | Reached XP level 4. HP: 21/24 MP: 5/9
  1601 | D:2      | Learned a level 2 spell: Stoneskin
  1605 | D:2      | Learned a level 3 spell: Stone Arrow
  1959 | D:2      | Found a burning altar of Makhleb.
  2068 | D:2      | Found a glowing silver altar of Zin.
  2331 | D:3      | Found a snail-covered altar of Cheibriados.
  2371 | D:3      | Reached skill level 1 in Conjurations
  2382 | D:3      | Noticed radek's ghost (amateur DECj)
  2399 | D:3      | Killed from afar by radek's ghost

Vault maps used:
D:1:      eino_arrival_water_cross
D:2:      marbit_many_paths, ecumenical_altar_2, makhleb_blood_cavern_becter
D:3:      cheibriados_altar_1, uniq_grinder

Action                   |  1- 3 |  4- 6 || total
-------------------------+-------+-------++-------
Melee: Mace              |    22 |    20 ||    42
 Cast: Sandblast         |    31 |    30 ||    61
  Eat: Chunk             |     2 |     3 ||     5
